 Dungeon Crawl Stone Soup version 0.31-a0-1540-g5a0b83f448 (webtiles) character file.

Game seed: 18204757525781322224

36316 Rennog the Bludgeoner (level 14, -12/116 HPs)
             Began as a Formicid Fighter on Dec 29, 2023.
             Was an Elder of the Shining One.
             Mangled by a manticore (14 damage)
             ... summoned by Kirke
             ... on level 3 of the Lair of Beasts on Jan 2, 2024.
             The game lasted 00:31:42 (18206 turns).

Rennog the Bludgeoner (Formicid Fighter)           Turns: 18206, Time: 00:31:43

Health: -12/116    AC:  0    Str: 26    XL:     14   Next: 23%
Magic:  14/16      EV: 15    Int:  8    God:    the Shining One [****..]
Gold:   906        SH:  7    Dex: 13    Spells: 13/13 levels left

rFire   . . .        a - melded +0 flail
rCold   . . .        M - melded +0 kite shield
rNeg    + + .        k - melded +0 chain mail
rPois   .            (helmet unavailable)
rElec   .            r - melded scarf {shadows}
rCorr   .            K - melded +2 pair of gloves of Ikacats {Rampage rF+}
SInv    .            u - melded +2 pair of boots
Will    +....        s - amulet of the acrobat
Stlth   +            l - melded +5 ring of evasion
HPRegen 0.39/turn    S - melded ring of Meko {rPois Int-4 Dex+6}
MPRegen 0.15/turn

%: acrobat
@: divinely shielded, pig-form, glowing, very quick
A: fast, no casting, permanent stasis, dig shafts and tunnels, small, (antennae
3), four strong arms
a: Renounce Religion, Divine Shield, Cleansing Flame


You were on level 3 of the Lair of Beasts.
You worshipped the Shining One.
The Shining One was greatly pleased with you.
You were a filthy swine.
You visited 2 branches of the dungeon, and saw 15 of its levels.
You also visited: Bailey.

You collected 1387 gold pieces.
You spent 481 gold pieces at shops.

Inventory:

Hand Weapons
 a - a +0 flail (melded)
Missiles
 T - 3 throwing nets
Armour
 b - a +0 scale mail
 k - a +0 chain mail (melded)
 r - a scarf of shadows (melded)
 u - a +2 pair of boots (melded)
 K - the +2 pair of gloves of Ikacats (melded) {Rampage rF+}
   (You found it on level 7 of the Dungeon)

   rF+:       It protects you from fire.
   Rampage:   It bestows one free step when moving towards enemies.
 M - a +0 kite shield (melded)
Jewellery
 j - a ring of magical power
 l - a +5 ring of evasion (melded)
 s - an amulet of the acrobat (around neck)
 w - a ring of magical power
 D - a ring of protection from fire
 E - an amulet of guardian spirit
 G - a ring of protection from fire
 S - the ring of Meko (melded) {rPois Int-4 Dex+6}
   (You bought it in a shop on level 12 of the Dungeon)

   [ring of poison resistance]

   Int-4:     It affects your intelligence (-4).
   Dex+6:     It affects your dexterity (+6).
   rPois:     It protects you from poison
 W - a ring of positive energy
Wands
 c - a wand of flame (30)
 F - a wand of charming (9)
 J - a wand of mindburst (15)
 P - a wand of quicksilver (2)
 R - a wand of iceblast (6)
Scrolls
 g - 5 scrolls of revelation {unknown}
 h - 4 scrolls of blinking {unknown}
 i - 6 scrolls of amnesia {unknown}
 m - a scroll of noise {unknown}
 o - 13 scrolls of identify {unknown}
 p - 2 scrolls of fear {unknown}
 v - 4 scrolls of immolation
 y - a scroll of torment {unknown}
 A - a scroll of acquirement {unknown}
 C - 2 scrolls of enchant armour {unknown}
 H - 3 scrolls of enchant weapon {unknown}
 I - a scroll of teleportation {unknown}
 N - 2 scrolls of brand weapon {unknown}
 O - 2 scrolls of fog {unknown}
 X - a scroll of poison {unknown}
Potions
 d - 2 potions of might
 e - 2 potions of degeneration {unknown}
 f - 3 potions of ambrosia
 n - 2 potions of brilliance {unknown}
 q - 2 potions of curing
 t - 2 potions of mutation {unknown}
 x - 6 potions of enlightenment {unknown}
 z - a potion of attraction {unknown}
 B - 3 potions of heal wounds
 L - a potion of haste {unknown}
 Q - a potion of berserk rage {unknown}
 U - a potion of magic {unknown}
 V - a potion of resistance {unknown}


   Skills:
 + Level 12.7 Fighting
 * Level 16.9 Maces & Flails
 + Level 8.3 Armour
 + Level 4.4 Dodging
 - Level 10.8 Shields
 - Level 3.8 Invocations


You had 13 spell levels left.
You didn't know any spells.
Your spell library contained the following spells:

 Spells                   Type           Power      Damage    Failure   Level
 Shock                    Conj/Air       0%         1d3       41%         1
 Ensorcelled Hibernation  Hex/Ice        0%         N/A       54%         2
 Ozocubu's Armour         Ice            0%         N/A       78%         3
 Tukima's Dance           Hex            0%         N/A       78%         3
 Airstrike                Air            0%         2d(0-16)  99%         4
 Ignite Poison            Fire/Alch      0%         N/A       99%         4
 Passage of Golubria      Tloc           0%         N/A       99%         4
 Sticky Flame             Fire/Alch      0%         2d4       99%         4
 Freezing Cloud           Conj/Ice/Air   0%         6-21      100%        5
 Metabolic Englaciation   Hex/Ice        0%         N/A       100%        5
 Yara's Violent Unravell  Hex/Alch       0%         3d3       100%        5
 Ignition                 Fire           0%         3d3       100%        8
 Swiftness                Air            Unusable   N/A       N/A         3

Dungeon Overview and Level Annotations

Branches:
Dungeon (12/15)            Temple (0/1) D:4            Lair (3/5) D:8
  Swamp (0/4) Lair:3       Spider (0/4) Lair:3          Orc (0/2) D:9
 Bailey (visited)

Altars:
Elyvilon
Gozag
Makhleb
Qazlal
Ru
Sif Muna
Trog
Yredelemnul
Zin
The Shining One

Shops:
D:2 (*   D:5 !!   D:12 =

Annotations:
D:8 1 runed translucent door, MisterAzrael's ghost, novice DECj
Lair:3 Kirke


Innate Abilities, Weirdness & Mutations

You are a filthy swine.
You move quickly.
Your equipment is almost entirely melded.
You are incapable of wielding weapons or throwing items.
You cannot cast spells.
You cannot be hasted, slowed, berserked, paralysed or teleported.
You can dig through walls and to a lower floor.
((You have a pair of large antennae on your head. (SInv)))
Your four strong arms can wield two-handed weapons with a shield.


Message History

You hear an angry squeal.
You barely miss Kirke.
Kirke is severely wounded.
You bite Kirke!
Kirke is severely wounded.
Kirke mumbles some strange words.
Kirke flickers and vanishes for a moment.
You hear an angry squeal.
You bite Kirke!
Kirke is severely wounded.
Kirke mumbles some strange words.
Kirke summons a manticore!
You hit Kirke.
Kirke is severely wounded.
You hear an angry squeal.
You hit Kirke.
Kirke is almost dead.
Kirke closely misses you. The manticore closely misses you.
The manticore claws you!
* * * LOW HITPOINT WARNING * * *
The manticore claws you!
* * * LOW HITPOINT WARNING * * *
You hear an angry squeal.
You barely miss Kirke.
Kirke is almost dead.
You hear an angry squeal.
Kirke hits you! The Shining One protects you from harm!
You block the manticore's attack. The manticore claws you!
* * * LOW HITPOINT WARNING * * *
The manticore claws you.
* * * LOW HITPOINT WARNING * * *
You barely miss Kirke.
Kirke is almost dead.
Kirke barely misses you.
You barely miss Kirke.
Kirke is almost dead.
You hear an angry squeal.
The manticore bites you!
You die...

.## #..♣~§§~.##
..### ...~§§§§§.#
.....# ...♣~§§§§.
..... ....~♣~.{#
#..># ......§..#
....##
.......#{##H....#
......(†{#h# ..#
..?....{#@##....#
........####.....
........####.....
......#.#######..
.....#.#...#...#.
{
.....#.#..###..#.#
#####.#..#...#..##
#.###.#.>.##.##


You could see Kirke (invisible) and a manticore (summoned).

Vanquished Creatures
  Harold (Lair:1)
  A centaur warrior (D:11)
  A catoblepas (Lair:1)
  A hydra (Lair:2)
  A boulder beetle (D:11)
  5 two-headed ogres
  A skyshark (Lair:3)
  Pikel (D:7)
  2 bog bodies (Lair:3)
  4 ugly things
  A manticore (D:11)
  A cyclops (D:11)
  A meliai (Lair:3)
  A black mamba (Lair:2)
  Joseph (D:10)
  4 cane toads
  2 gargoyles
  5 rime drakes
  3 komodo dragons
  A queen bee (D:11)
  A polar bear (Lair:3)
  A troll (shapeshifter) (D:11)
  5 trolls
  9 blink frogs
  7 slime creatures (D:11)
  2 shadows (D:11)
  A centaur simulacrum (D:11)
  6 wyverns
  2 wraiths
  2 hogs (Lair:3)
  35 yaks
  2 basilisks
  A vampire mosquito (D:11)
  2 steam dragons
  5 water moccasins
  An acid dragon (D:9)
  Duvessa (D:7)
  7 orc warriors
  6 ice beasts
  2 sky beasts
  A black bear (D:6)
  2 ogres
  20 wolves
  2 lemures
  2 centaurs
  4 kobold brigands
  A weeping skull (D:7)
  3 gnoll sergeants
  6 bullfrogs
  4 scorpions
  5 wights
  5 jellies
  Dowan (D:7)
  43 killer bees
  3 electric eels (Lair:1)
  5 howler monkeys
  5 bombardier beetles
  5 hounds
  5 orc priests
  3 sleepcaps
  3 iguanas
  A gnoll bouda (D:6)
  10 orc wizards
  Robin (D:2)
  6 adders
  20 gnolls
  2 shadow imps
  2 white imps
  An ufetubus (D:5)
  3 dart slugs
  A ribbon worm (D:4)
  29 orcs
  6 ball pythons
  6 endoplasms
  13 giant cockroaches
  17 goblins
  13 hobgoblins
  2 jackals (D:4)
  4 quokkas
  2 bats
  5 frilled lizards
  23 kobolds
  7 rats
  A spectral orc (D:7)
439 creatures vanquished.

Notes
Turn   | Place    | Note
-------+----------+-------------------------------------------
     0 | D:1      | Rennog the Formicid Fighter began the quest for the Orb.
     0 | D:1      | Reached XP level 1. HP: 18/18 MP: 1/1
   117 | D:1      | Upgraded the game from 0.31-a0-1469-gd420192249 to
                  | 0.31-a0-1540-g5a0b83f448
   126 | D:1      | Reached XP level 2. HP: 24/24 MP: 2/2
   366 | D:1      | Reached XP level 3. HP: 28/30 MP: 3/3
   400 | D:1      | Reached skill level 3 in Maces & Flails
   859 | D:2      | Found Vunk's Weapon Emporium.
  1025 | D:2      | Reached XP level 4. HP: 32/37 MP: 4/4
  1343 | D:2      | Noticed Robin
  1504 | D:2      | Killed Robin
  1529 | D:2      | Found Oraana's Assorted Antiques.
  1587 | D:2      | Reached skill level 4 in Maces & Flails
  1710 | D:2      | Found a glowing golden altar of the Shining One.
  1754 | D:2      | Reached XP level 5. HP: 42/42 MP: 5/5
  1778 | D:2      | Became a worshipper of the Shining One
  1956 | D:3      | Found a faded altar of an unknown god.
  2387 | D:3      | Reached skill level 5 in Maces & Flails
  2387 | D:3      | Reached XP level 6. HP: 25/50 MP: 6/6
  2710 | D:3      | Found a glowing silver altar of Zin.
  2856 | D:4      | Found a stormy altar of Qazlal.
  2908 | D:4      | Reached skill level 5 in Fighting
  2932 | D:4      | Found a staircase to the Ecumenical Temple.
  3260 | D:4      | Noticed an ogre
  3346 | D:5      | Entered Level 5 of the Dungeon
  3390 | D:5      | Reached XP level 7. HP: 39/56 MP: 7/7
  3436 | D:5      | Reached skill level 6 in Maces & Flails
  3671 | D:5      | Found Hoon's Distillery.
  3677 | D:5      | Bought a potion of curing for 39 gold pieces
  3677 | D:5      | Bought 2 potions of heal wounds for 130 gold pieces
  3745 | D:5      | Found Gojeisse's Distillery.
  3784 | D:5      | Reached * piety under the Shining One
  3790 | D:5      | Reached skill level 7 in Maces & Flails
  3790 | D:5      | Reached XP level 8. HP: 64/64 MP: 8/8
  4034 | D:5      | Found a shimmering blue altar of Sif Muna.
  4649 | D:6      | Reached skill level 8 in Maces & Flails
  5574 | D:6      | Reached XP level 9. HP: 62/72 MP: 7/9
  5650 | D:7      | Noticed Duvessa
  5652 | D:7      | Noticed Dowan
  5669 | D:7      | Killed Duvessa
  5670 | D:7      | Reached skill level 9 in Maces & Flails
  5680 | D:7      | Killed Dowan
  5682 | D:7      | Reached skill level 5 in Shields
  5830 | D:7      | Noticed Pikel
  5952 | D:7      | Found a flagged portal.
  5962 | Bailey   | Entered a bailey
  6066 | Bailey   | Reached skill level 5 in Armour
  6066 | Bailey   | Reached skill level 1 in Invocations
  6270 | Bailey   | Noticed an orc knight
  6333 | D:8      | Noticed a gargoyle
  6356 | D:7      | Found a burning altar of Makhleb.
  6420 | D:6      | Reached skill level 10 in Maces & Flails
  6720 | D:7      | Reached XP level 10. HP: 79/79 MP: 11/11
  6760 | D:7      | Reached ** piety under the Shining One
  7026 | D:7      | Killed Pikel
  7251 | D:7      | Reached skill level 11 in Maces & Flails
  7253 | D:7      | Identified the +2 pair of gloves of Ikacats {Rampage rF+}
  7364 | D:7      | Found a basalt altar of Yredelemnul.
  7535 | D:8      | Found a staircase to the Lair.
  7563 | D:8      | Found a runed translucent door.
  7563 | D:8      | Noticed MisterAzrael's ghost (novice DECj)
  7644 | D:8      | Found an opulent altar of Gozag.
  8074 | D:8      | Killed a gargoyle
  8662 | D:9      | Noticed a two-headed ogre
  8709 | D:9      | Found a staircase to the Orcish Mines.
  8808 | Lair:1   | Entered Level 1 of the Lair of Beasts
  8856 | Lair:1   | Reached XP level 11. HP: 69/86 MP: 13/13
  8999 | Lair:1   | Reached skill level 12 in Maces & Flails
  9404 | Lair:1   | Noticed a catoblepas
  9708 | D:9      | Killed a two-headed ogre
 10005 | D:9      | Noticed a two-headed ogre
 10021 | D:9      | Killed a two-headed ogre
 10022 | D:9      | Reached skill level 13 in Maces & Flails
 10406 | D:10     | Entered Level 10 of the Dungeon
 10456 | D:10     | Found a white marble altar of Elyvilon.
 10681 | D:10     | Noticed a two-headed ogre
 10701 | D:10     | Killed a two-headed ogre
 10702 | D:10     | Reached skill level 10 in Shields
 10798 | D:10     | Noticed a brown ugly thing
 10824 | D:10     | Killed a brown ugly thing
 10973 | D:10     | Noticed Joseph
 10988 | D:10     | Killed Joseph
 10989 | D:10     | Reached XP level 12. HP: 44/97 MP: 14/14
 11176 | D:10     | Reached *** piety under the Shining One
 11613 | D:10     | Found a bloodstained altar of Trog.
 11812 | D:9      | Found a sacrificial altar of Ru.
 12063 | D:11     | Got the Volume of the Glacier
 12088 | D:11     | Reached skill level 10 in Fighting
 12116 | D:11     | Reached skill level 14 in Maces & Flails
 12185 | D:11     | Identified the +8 war axe of Fate {spect, Fly Will- rCorr}
 12185 | D:11     | Noticed a centaur warrior
 12678 | D:11     | Noticed a two-headed ogre
 12690 | D:11     | Killed a two-headed ogre
 12934 | D:11     | Killed a centaur warrior
 13495 | D:11     | Noticed a two-headed ogre
 13517 | D:11     | Killed a two-headed ogre
 13564 | D:11     | Reached skill level 15 in Maces & Flails
 13833 | D:11     | Noticed a boulder beetle
 13863 | D:11     | Reached **** piety under the Shining One
 13887 | D:11     | Killed a boulder beetle
 14055 | D:11     | Reached XP level 13. HP: 106/106 MP: 15/15
 14805 | D:12     | Reached skill level 1 in Dodging
 15358 | D:12     | Found Duclier's Jewellery Boutique.
 15365 | D:12     | Bought the ring of Meko {rPois Int-4 Dex+6} for 312 gold
                  | pieces
 15639 | Lair:1   | Killed a catoblepas
 15789 | Lair:1   | Reached skill level 16 in Maces & Flails
 15826 | Lair:1   | Noticed Harold
 15847 | Lair:1   | Killed Harold
 16853 | Lair:2   | Noticed a four-headed hydra
 16876 | Lair:2   | Killed a four-headed hydra
 17110 | Lair:2   | Reached XP level 14. HP: 82/116 MP: 16/16
 18073 | Lair:3   | Found a hole to the Spider Nest.
 18088 | Lair:3   | Found a staircase to the Swamp.
 18192 | Lair:3   | Noticed Kirke
 18204 | Lair:3   | The Shining One protects you from harm!
 18204 | Lair:3   | HP: 2/116 [manticore[Kirke] (4)]
 18206 | Lair:3   | Mangled by a manticore

Illustrated notes

Levels and vault maps discovered:
D:1:      shiori_shiawase, layout_rooms, minmay_tromino_v4_b
D:2:      minmay_inner_zag, layout_basic, serial_shops, nicolae_lakefront_shop,
          shop, basic_altar, wad_floor_pattern_untrapped,
          minmay_gold_behind_fungi, nicolae_concentric_dashed_squares_mild,
          minmay_cut_off, uniq_robin
D:3:      minmay_roachtagon, layout_basic, nicolae_overflow_hidden_temple,
          hellmonk_ecumenical_altar_blasted, serial_curves, eino_curves_03,
          eino_curves_02, eino_curves_01, eino_curves_02
D:4:      layout_cave_pools, amcnicky_altar_gilded,
          minmay_temple_entry_statues_fountains
D:5:      layout_basic, led_sif_book, serial_shops,
          nicolae_shop_temple_entry_statues_fountains, nicolae_diamond_shop,
          kennysheep_generic_room_5
D:6:      layout_cave_pools
D:7:      layout_rooms, yredelemnul_forgotten_temple_becter, kennysheep_mini,
          enter_bailey_5, minmay_increasing_density, uniq_pikel, uniq_duvessa
D:8:      layout_rooms, nicolae_gozag_cash_rules_everything_around_me,
          lair_entry_dummy, hellmonk_ghost_big_iron, chequers_big_river,
          nicolae_tricolors
D:9:      layout_rooms, nicolae_ru_path_of_blood, orc_0_dummy,
          corexii_hall_statues_i, hangedman_decor_peaks_small, hive_lemuel
D:10:     layout_irregular_city, trog_book, nicolae_elyvilon_peaceful_grove,
          uniq_joseph
D:11:     regret_index_combs_of_tragedy, layout_stronghold,
          kennysheep_generic_room_9
D:12:     layout_roguey, serial_shops, nicolae_shop_just_a_little_nook
Lair:1:   layout_roguey, serial_bayou_lake_a, uniq_harold
Lair:2:   layout_hall_layers, lemuel_fruit_tree
Lair:3:   layout_concentric_octagons, skrybe_swamp_entry_bodies,
          hellmonk_spider_entry_not_the_bees, grunt_megastairs_5, uniq_kirke

Skill      XL: |  1  2  3  4  5  6  7  8  9 10 11 12 13 14 |
---------------+-------------------------------------------+-----
Maces & Flails | 3 4 5 7 8 10 11 13 15 16 | 16.9
Fighting       | 4 5 6 7 8 9 11 12 | 12.7
Armour         | 5 6 7 8 |  8.3
Shields        | 6 8 10 | 10.8
Invocations    | 2 3 |  3.8
Dodging        | 3 4 |  4.4

Action                     |  1- 3 |  4- 6 |  7- 9 | 10-12 | 13-15 || total
---------------------------+-------+-------+-------+-------+-------++-------
  Melee: Flail             |    93 |   210 |   355 |   774 |   655 ||  2087
         Unarmed           |       |       |       |       |     8 ||     8
 Invoke: Divine Shield     |       |       |     1 |     4 |     3 ||     8
Ability: Dig               |       |       |       |       |     1 ||     1
    Use: Potion            |       |     2 |     3 |       |     1 ||     6
 Armour: Scale mail        |    46 |       |       |       |       ||    46
         Chain mail        |    20 |   127 |   179 |   353 |   286 ||   965
         Skin              |       |     3 |    38 |       |     6 ||    47
  Dodge: Dodged            |    44 |   163 |   178 |   306 |   294 ||   985
  Block: Buckler           |    27 |    53 |    94 |    40 |       ||   214
         Kite shield       |       |       |       |   344 |   432 ||   776
         Other             |       |       |       |       |     1 ||     1

Table legend: (Time is in decaauts)
 A = Elapsed time spent in this place.
 B = Non-inter-level travel time spent in this place.
 C = Inter-level travel time spent in this place.
 D = Time resting spent in this place.
 E = Time spent auto-exploring this place.
 F = Levels seen in this place.
 G = Mean time per level.
                   A        B        C        D        E       F      G
               +--------+--------+--------+--------+--------+-----+--------+
         Total |  18061 |  16908 |   1153 |   2147 |  10906 |  16 | 1128.8 |
       Dungeon |  14619 |  13531 |   1088 |   1783 |   8793 |  12 | 1218.2 |
          Lair |   3110 |   3045 |     65 |    269 |   1989 |   3 | 1036.7 |
        Bailey |    331 |    331 |      0 |     95 |    124 |   1 |  331.0 |
               +--------+--------+--------+--------+--------+-----+--------+

Top non-repeatable levels by time:
    D:11: 2301 daAuts
    D:10: 1706 daAuts
  Lair:1: 1643 daAuts
     D:7: 1414 daAuts
     D:8: 1346 daAuts
     D:5: 1313 daAuts
     D:3: 1084 daAuts
     D:9: 1061 daAuts
     D:6: 1061 daAuts
     D:2: 1034 daAuts
  Lair:2: 998 daAuts
    D:12: 846 daAuts
     D:1: 845 daAuts
     D:4: 603 daAuts
  Lair:3: 469 daAuts
